 Dungeon Crawl Stone Soup version 0.26-a0-667-g92642533e4 (webtiles) character file.

Game seed: 13309203453477606298

421 marklar909 the Bolt Thrower (level 7, -6/51 HPs)
             Began as a Formicid Arcane Marksman on Oct 17, 2020.
             Mangled by an unseen horror (7 damage)
             ... on level 5 of the Dungeon.
             The game lasted 00:11:29 (6126 turns).

marklar909 the Bolt Thrower (FoAM)                  Turns: 6126, Time: 00:11:30

Health: -6/51      AC:  4    Str: 15    XL:     7   Next: 16%
Magic:  10/10      EV: 13    Int: 12    God:
Gold:   248        SH:  0    Dex: 13    Spells: 7/10 levels left

rFire    . . .     SeeInvis +   b - +1 whip (elec)
rCold    . . .     Faith    .   (no shield)
rNeg     . . .     Spirit   .   e - +0 robe
rPois    .         Reflect  .   (helmet unavailable)
rElec    .         Harm     .   l - scarf {+Inv}
rCorr    .         Rampage  .   k - +0 pair of gloves
MR       .....                  f - +0 pair of boots
Stlth    ++........             (no amulet)
HPRegen  0.17/turn              (no ring)
MPRegen  0.12/turn              (no ring)

@: no status effects
A: permanent stasis, dig shafts and tunnels, four strong arms, antennae 3
a: Dig, Shaft Self, Evoke Invisibility


You were on level 5 of the Dungeon.
You visited 1 branch of the dungeon, and saw 5 of its levels.

You collected 248 gold pieces.

Inventory:

Hand Weapons
 a - a +0 hand crossbow
 b - a +1 whip of electrocution (weapon)
Missiles
 d - 56 bolts
Armour
 e - a +0 robe (worn)
 f - a +0 pair of boots (worn)
 k - a +0 pair of gloves (worn)
 l - a scarf of invisibility (worn)
 n - a +0 cloak
 x - a +0 kite shield
 A - a +0 leather armour
Jewellery
 g - an uncursed ring of protection from magic {unknown}
 m - an uncursed amulet of magic regeneration {unknown}
Scrolls
 c - a scroll of random uselessness {unknown}
 h - a scroll of noise {unknown}
 i - 14 scrolls of identify {unknown}
 j - a scroll of enchant weapon {unknown}
 p - a scroll of fear {unknown}
 q - a scroll of immolation {unknown}
 r - a scroll of fog {unknown}
 w - 2 scrolls of teleportation
 y - a scroll of remove curse
 C - a scroll of magic mapping {unknown}
Potions
 o - 2 potions of stabbing
 s - 2 potions of brilliance {unknown}
 t - a potion of haste {unknown}
 u - a potion of flight
 v - a potion of curing {unknown}
 z - a potion of ambrosia {unknown}
 B - a potion of cancellation {unknown}


   Skills:
 * Level 2.4 Fighting
 + Level 1.5 Maces & Flails
 + Level 4.8 Crossbows
 + Level 2.5 Dodging
 + Level 1.1 Stealth
 * Level 1.8 Shields
 + Level 2.0 Spellcasting
 * Level 4.4 Hexes
 * Level 1.2 Evocations


You had 7 spell levels left.
You knew the following spells:

 Your Spells              Type           Power        Failure   Level
a - Corona                Hex            ##.....      4%          1
b - Slow                  Hex            ##......     7%          2

Your spell library contained the following spells:

 Spells                   Type           Power        Failure   Level
 Beastly Appendage        Tmut           #.....       26%         1
 Inner Flame              Hex/Fire       #.......     32%         3
 Portal Projectile        Hex/Tloc       #.....       32%         3
 Wereblood                Tmut           #.......     38%         2
 Cause Fear               Hex            ##........   41%         4
 Spider Form              Tmut/Pois      #.........   63%         3
 Leda's Liquefaction      Hex/Erth       #.........   73%         4
 Ice Form                 Ice/Tmut       #.......     95%         4
 Blade Hands              Tmut           #.........   100%        5


Dungeon Overview and Level Annotations

Branches:
Dungeon (5/15)
 Temple: D:4-7

Altars:


Innate Abilities, Weirdness & Mutations

You cannot be hasted, slowed, berserked, paralysed or teleported.
You can dig through walls and to a lower floor.
Your four strong arms can wield two-handed weapons with a shield.
You have a pair of large antennae on your head. (SInv)


Message History

Unknown command.
Okay, then.
Unknown command.
The unseen horror hits you.
* * * LOW HITPOINT WARNING * * *
The unseen horror hits you.
* * * LOW HITPOINT WARNING * * *
The unseen horror barely misses you.
Okay, then.
You aren't carrying any items that you can evoke.
You aren't carrying any items that you can evoke.
Okay, then.
As you read the scroll labeled NACADEL MIY, it crumbles to dust.
You feel a strange sense of stasis.
It was a scroll of teleportation.
The unseen horror hits you.
* * * LOW HITPOINT WARNING * * *
As you read the scroll labeled HURI AJAEXIMO, it crumbles to dust.
You feel blessed for a moment.
It was a scroll of remove curse.
The unseen horror hits you!
You die...

# .. # .... # #. #.# ..# #
..##.... ..(
#########....... ..# ##
.............#.# #.####...
####...........###(......>
###...###.## #..@x(......#
#...#.....####.###..####.
#.#...###....[..([..#
#.##.## #.####†.....#
#.##.# #.# ######.# #.##.#
#.# .# #.##.####.## .#
#.##.......# .#
#.#######..# .#


You could see an unseen horror (invisible).

Vanquished Creatures
  A scorpion (D:5)
  A bullfrog zombie (D:5)
  2 hounds (D:4)
  A jelly (D:2)
  A centaur skeleton (D:4)
  6 gnolls
  7 adders
  An adder skeleton (D:4)
  3 worms
  2 dart slugs
  5 leopard geckos
  5 orcs
  3 giant cockroaches
  9 hobgoblins
  6 jackals (D:3)
  5 kobolds
  2 quokkas (D:3)
  9 bats
  3 frilled lizards
  5 goblins
  A quokka skeleton (D:4)
  6 rats
84 creatures vanquished.

Vanquished Creatures (others)
  5 plants (D:3)
5 creatures vanquished.

Grand Total: 89 creatures vanquished

Notes
Turn   | Place    | Note
-------+----------+-------------------------------------------
     0 | D:1      | marklar909 the Formicid Arcane Marksman began the quest for
                  | the Orb.
     0 | D:1      | Reached XP level 1. HP: 15/15 MP: 2/2
   225 | D:1      | Reached XP level 2. HP: 21/21 MP: 3/3
   512 | D:1      | Reached XP level 3. HP: 14/26 MP: 4/4
   935 | D:2      | Reached XP level 4. HP: 32/32 MP: 5/5
  1999 | D:2      | Reached XP level 5. HP: 38/38 MP: 6/6
  2710 | D:3      | Reached skill level 1 in Maces & Flails
  3992 | D:3      | Reached skill level 1 in Shields
  3992 | D:3      | Reached XP level 6. HP: 34/44 MP: 7/7
  4255 | D:4      | HP: 3/66 [hound (3)]
  4877 | D:4      | Learned a level 2 spell: Slow
  5844 | D:5      | Entered Level 5 of the Dungeon
  5877 | D:5      | Reached skill level 1 in Stealth
  5877 | D:5      | Reached skill level 1 in Evocations
  5877 | D:5      | Reached XP level 7. HP: 51/51 MP: 9/9
  6110 | D:5      | Noticed an unseen horror
  6125 | D:5      | HP: 1/51 [unseen horror (4)]
  6126 | D:5      | Mangled by an unseen horror

Illustrated notes

Levels and vault maps discovered:
D:1:      minmay_arrival_wavy_path, layout_rooms
D:2:      mumra_celtic_spiral_tile, layout_basic
D:3:      layout_basic, serial_forest, infiniplex_forest_clump_curved,
          infiniplex_forest_lined_2, infiniplex_forest_lined_3_way,
          infiniplex_forest_end_1, infiniplex_forest_straight_2,
          infiniplex_forest_clump_medium, infiniplex_forest_end_3,
          infiniplex_forest_clump_double, infiniplex_forest_corner_2,
          kennysheep_generic_room_8
D:4:      layout_loops_ring, hangedman_decor_peaks_small, lemuel_flame_loot_1
D:5:      layout_loops_ring, minmay_temple_entry_enclosed_plants, uniq_sigmund

Skill      XL: |  1  2  3  4  5  6  7 |
---------------+----------------------+-----
Hexes          | 4 |  4.4
Crossbows      | 3 4 |  4.8
Dodging        | 2 |  2.5
Maces & Flails | 1 |  1.5
Fighting       | 2 |  2.4
Shields        | 1 |  1.8
Stealth        | 1 |  1.1
Evocations     | 1 |  1.2
Spellcasting   | 2 |  2.0

Action                   |  1- 3 |  4- 6 |  7- 9 || total
-------------------------+-------+-------+-------++-------
Melee: Whip              |     1 |   208 |    24 ||   233
 Fire: Hand crossbow     |    56 |    83 |     9 ||   148
 Cast: Slow              |       |     7 |     2 ||     9
  Use: Potion            |       |     3 |       ||     3
       Scroll            |       |       |     2 ||     2
 Stab: Sleeping          |       |     3 |       ||     3
Armor: Robe              |     8 |    55 |     9 ||    72
       Skin              |       |     4 |       ||     4
Dodge: Dodged            |    18 |   153 |    16 ||   187

Table legend: (Time is in decaauts)
 A = Elapsed time spent in this place.
 B = Non-inter-level travel time spent in this place.
 C = Inter-level travel time spent in this place.
 D = Time resting spent in this place.
 E = Time spent auto-exploring this place.
 F = Levels seen in this place.
 G = Mean time per level.
                   A        B        C        D        E       F      G
               +--------+--------+--------+--------+--------+-----+--------+
         Total |   6158 |   5775 |    383 |   1491 |   3277 |   5 | 1231.6 |
       Dungeon |   6158 |   5775 |    383 |   1491 |   3277 |   5 | 1231.6 |
               +--------+--------+--------+--------+--------+-----+--------+

Top non-repeatable levels by time:
     D:2: 1913 daAuts
     D:4: 1641 daAuts
     D:3: 1414 daAuts
     D:1: 907 daAuts
     D:5: 281 daAuts
